 Zot Defence DCSS version 0.15.2 (webtiles) character file.

477 demi the Skirmisher (level 6, -6/39 (57) HPs)
             Began as a Draconian Berserker on Mar 27, 2017.
             Was a Follower of Trog.
             Mangled by a worm (9 damage)
             ... in the Realm of Zot (Scenario I: Hall of Zot).
             The game lasted 00:03:32 (368 turns).

demi the Skirmisher (Draconian Berserker)            Turns: 368, Time: 00:03:32

HP  -6/39 (57)   AC  6     Str 19      XL: 6   Next: 85%
MP   6/6         EV 13     Int  8      God: Trog [*.....]
Gold 0           SH  0     Dex 12      Spells:  0 memorised,  5 levels left

rFire  . . .     SeeInvis .     a - +0 falchion
rCold  . . .     Clarity  .     (armour unavailable)
rNeg   . . .     rCorr    .     (no shield)
rPois  .         rRot     .     (helmet restricted)
rElec  .         Spirit   .     (no cloak)
SustAb .         Warding  .     (no gloves)
rMut   .         Stasis   .     (no boots)
Gourm  .                        (no amulet)
MR     .....                    (no ring)
                                (no ring)

@: exhausted, slowed, very slow, not resistant to hostile enchantments, very
unstealthy
A: unfitting armour, cold-blooded, AC +6
a: Make oklob sapling, Make arrow trap, Make plant, Remove Curse, Make burning
bush, Make altar, Make grenades, Burn Spellbooks, Berserk, Renounce Religion


You were in the Realm of Zot.
You worshipped Trog.
Trog was aware of your devotion.
You were not hungry.

You visited 1 branch

Inventory:

Hand weapons
 a - a +0 falchion (weapon)
 b - a +0 long sword
Comestibles
 d - a bread ration
Scrolls
 i - a scroll of blinking
Potions
 c - 3 potions of curing
 e - a potion of heal wounds
 f - a potion of haste
 g - 2 potions of magic
 h - a potion of berserk rage


   Skills:
 * Level 6.0 Fighting
 * Level 5.2 Long Blades
 + Level 4.1 Dodging


You had 5 spell levels left.
You didn't know any spells.

Dungeon Overview and Level Annotations

Branches:
    Zot (1/1)

Altars:


Innate Abilities, Weirdness & Mutations

Your plain brown scales are hard (AC +6).
Your body does not fit into most forms of armour.
Your cold-blooded metabolism reacts poorly to cold.


Message History

* * * LOW HITPOINT WARNING * * *
Your flesh rots away as the Orb of Zot is desecrated. x2
Your flesh rots away as the Orb of Zot is desecrated.
You slash the worm!
The worm is moderately wounded.
The worm bites you but does no damage.
Your flesh rots away as the Orb of Zot is desecrated. x2
Your flesh rots away as the Orb of Zot is desecrated.
You hit the worm.
Your flesh rots away as the Orb of Zot is desecrated.
You tail-slap the worm.
The worm is moderately wounded.
The worm bites you.
* * * LOW HITPOINT WARNING * * *
Your flesh rots away as the Orb of Zot is desecrated. x2
Your flesh rots away as the Orb of Zot is desecrated.
You hit the worm.
The worm is heavily wounded.
The worm bites you!
You die...

▓▓▓▓▓▓▓▓▓▓▓▓▓ ▓▓▓ .........▓▓▓▓
▓▓▓ ............▓▓▓ ▓▓▓..
..............▓▓ ▓▓....
...............▓ ▓▓▓▓▓▓▓▓▓ ▓.....
...............▓▓▓.......▓▓▓.....
...............▓▓.........▓▓.....
...............▓....)......▓.....
...............w@)%.)w%..%.......
...............▓...........▓.....
...............▓▓.........▓▓.....
...............▓▓▓.......▓▓▓.....
...............# ▓▓▓▓▓▓▓▓▓ #.....
..............## ##....
............### ###..
.........#### ### ##############
####


You could see 2 worms.

Vanquished Creatures
  A deep elf mage (Zot)
  A bat (Zot)
  7 goblins (Zot)
  A jackal (Zot)
  2 ball pythons (Zot)
  2 giant newts (Zot)
  2 kobolds (Zot)
  4 rats (Zot)
20 creatures vanquished.

Notes
Turn   | Place    | Note
--------------------------------------------------------------
     0 | Zot      | demi, the Draconian Berserker, began the quest for the Orb.
     0 | Zot      | Reached XP level 1. HP: 19/19 MP: 1/1
   213 | Zot      | Reached XP level 2. HP: 24/26 MP: 2/2
   322 | Zot      | Reached XP level 3. HP: 28/33 MP: 3/3
   341 | Zot      | Noticed Etyaruk
   341 | Zot      | Reached skill level 4 in Fighting
   352 | Zot      | Killed Etyaruk the deep elf mage
   352 | Zot      | Reached skill level 6 in Fighting
   352 | Zot      | Reached skill level 5 in Long Blades
   352 | Zot      | Reached XP level 4. HP: 18/44 MP: 4/4
   352 | Zot      | Reached XP level 5. HP: 20/50 MP: 5/5
   352 | Zot      | Reached XP level 6. HP: 22/57 MP: 6/6
   368 | Zot      | Mangled by a worm

Action                   |  1- 3 |  4- 6 || total
-------------------------+-------+-------++-------
Melee: Falchion          |    49 |     5 ||    54
Invok: Berserk           |     2 |       ||     2
